 Dungeon Crawl Stone Soup version 0.30-a0-365-ge7f957f1db (webtiles) character file.

Game seed: 8140031881091531043

1225 omnomnOMINOUS the Caller (level 8, 0/48 HPs)
             Began as an Octopode Wanderer on Nov 16, 2022.
             Was a Priest of Hepliaklqana.
             Killed from afar by a steam dragon (16 damage)
             ... with a ball of steam
             ... on level 6 of the Dungeon.
             The game lasted 00:11:33 (5063 turns).

omnomnOMINOUS the Caller (Octopode Wanderer)        Turns: 5063, Time: 00:11:34

Health: 0/48       AC:  1    Str:  9    XL:     8   Next: 47%
Magic:  13/13      EV: 13    Int: 18    God:    Hepliaklqana [***...]
Gold:   341        SH:  9    Dex: 12    Spells: 9/14 levels left

rFire   . . .      SeeInvis .    a - +0 trident
rCold   . . .      Faith    .    w - +0 buckler
rNeg    . . .      Spirit   .    (helmet restricted)
rPois   .          Reflect  +    z - amulet of reflection
rElec   .          Harm     .    y - ring of wizardry
rCorr   .          Rampage  .    (no ring)
Will    .....                    (no ring)
Stlth   ++........               (no ring)
HPRegen 0.28/turn                (no ring)
MPRegen 0.13/turn                (no ring)
                                 (no ring)
                                 (no ring)

@: no status effects
A: reduced essence, almost no armour, amphibious, 8 rings, camouflage 1,
gelatinous body 1, (nimble swimmer 1), tentacles
a: Renounce Religion, Recall Ancestor, Ancestor Identity, Transference


You were on level 6 of the Dungeon.
You worshipped Hepliaklqana.
Hepliaklqana was most pleased with you.
You visited 1 branch of the dungeon, and saw 6 of its levels.

You collected 341 gold pieces.

Inventory:

Hand Weapons
 a - a +0 trident (weapon)
 b - a +1 dagger of venom
 x - a +3 quarterstaff of chaos
 D - a +2 dagger of speed
Missiles
 n - 11 poisoned darts (quivered)
Armour
 w - a +0 buckler (worn)
Jewellery
 u - a ring of flight
 y - a ring of wizardry (left tentacle)
 z - an amulet of reflection (around mantle)
Wands
 s - a wand of digging (6)
Scrolls
 d - 2 scrolls of fear
 e - 3 scrolls of enchant weapon {unknown}
 f - 6 scrolls of identify {unknown}
 g - 2 scrolls of immolation
 h - 3 scrolls of teleportation {unknown}
 k - 4 scrolls of poison
 l - 2 scrolls of amnesia {unknown}
 p - 3 scrolls of enchant armour {unknown}
 r - a scroll of torment {unknown}
 A - a scroll of brand weapon {unknown}
 C - a scroll of vulnerability {unknown}
Potions
 c - 6 potions of curing {unknown}
 i - a potion of brilliance {unknown}
 j - 3 potions of haste {unknown}
 m - a potion of might {unknown}
 o - 2 potions of magic {unknown}
 q - 2 potions of mutation {unknown}
 t - 2 potions of degeneration {unknown}
 v - a potion of attraction {unknown}
 B - a potion of lignification {unknown}


   Skills:
 + Level 3.7 Fighting
 + Level 3.0(3.3) Polearms
 - Level 2.0(2.8) Staves
 - Level 3.0 Throwing
 + Level 3.9 Dodging
 + Level 2.9 Shields
 + Level 3.5 Spellcasting
 + Level 0.2 Conjurations
 + Level 4.3 Summonings
 + Level 0.3 Fire Magic
 + Level 3.4 Invocations
 - Level 1.1 Evocations


You had 9 spell levels left.
You knew the following spells:

 Your Spells              Type           Power      Damage    Failure   Level
a - Summon Small Mammal   Summ           76%        N/A       1%          1
b - Sticky Flame          Conj/Fire      4%         2d3       54%         4

Your spell library contained the following spells:

 Spells                   Type           Power      Damage    Failure   Level
 Call Imp                 Summ           19%        N/A       1%          2
 Kiss of Death            Conj/Necr      12%        2d6       8%          1
 Slow                     Hex            12%        N/A       9%          1
 Summon Guardian Golem    Hex/Summ       11%        N/A       10%         3
 Inner Flame              Hex/Fire       3%         N/A       22%         3
 Confusing Touch          Hex            3%         N/A       24%         3
 Vampiric Draining        Necr           3%         2d6       24%         3
 Flame Wave               Conj/Fire      4%         2d5       54%         4
 Dispel Undead            Necr           3%         3d7       58%         4
 Manifold Assault         Tloc           3%         N/A       58%         4
 Dispersal                Tloc           1%         N/A       100%        6
 Disjunction              Tloc           1%         N/A       100%        8


Dungeon Overview and Level Annotations

Branches:
Dungeon (6/15)             Temple (0/1) D:4

Altars:
Hepliaklqana
Okawaru
Qazlal

Shops:
D:5 [


Innate Abilities, Weirdness & Mutations

Your life essence is reduced to manifest your ancestor. (-10% HP)
You cannot wear most types of armour.
You are amphibious.
You can wear up to eight rings at the same time.
Your skin changes colour to match your surroundings (Stealth+).
Your rubbery body absorbs attacks. (AC +1, EV +1)
((You are camouflaged when in or above water. (Stealth+)))
You have tentacles for arms and can constrict up to eight enemies at once.


Message History

No target in view!
No target in view!
Things that are here:
a +0 dagger; a +0 leather armour
Things that are here:
a +0 dagger; a +0 robe
Found a stone staircase leading up.
You swap places.
You now have 341 gold pieces (gained 15).
A steam dragon comes into view.
A steam dragon is nearby!
Found 4 stones.
Reach: a) +0 trident
Press: ? - help, Dir - move target, f - steam dragon
Aim: a steam dragon (asleep, ally target, about 2% to evade your +0 trident)
You reach to attack!
The helpless steam dragon fails to defend itself.
You hit the steam dragon but do no damage.
Unknown command.
You barely miss the steam dragon.
Hexy closely misses the steam dragon.
The steam dragon bites you! The steam dragon completely misses you.
Hexy closely misses the steam dragon.
Hexy gestures at the steam dragon while chanting.
The steam dragon resists with some effort.
Unknown command.
You barely miss the steam dragon. Your squeeze misses the steam dragon.
The steam dragon bites you! The steam dragon misses you.
Hexy completely misses the steam dragon.
Unknown command.
You hit the steam dragon.
The steam dragon is lightly wounded.
The steam dragon bites you! The steam dragon claws you.
Hexy closely misses the steam dragon.
Hexy hits the steam dragon with a +0 dagger of draining!
Unknown command.
You closely miss the steam dragon.
The steam dragon is moderately wounded.
The steam dragon breathes steam at you. The ball of steam hits you!
You die...

....#.# ...##.#
......# #....##+##
#........#
#####....# #....# #
#....# ######### #
###.#######.@D....#
# #.#.....#.R.....#
# #............(..+
# ###.....#.......#
# #.....#.......# #
###############


You could see the friendly hexy the hexer and a steam dragon (catching breath,
ally target).

Vanquished Creatures
  A centaur (D:5)
  A necrophage (D:5)
  An orc priest (D:5)
  Crazy Yiuf (D:3)
  2 iguanas
  An orc wizard (D:4)
  Natasha (twice) (D:2)
  Robin (D:2)
  4 adders
  A shadow imp (D:5)
  A white imp (D:6)
  An ufetubus (D:6)
  3 dart slugs
  8 orcs
  3 ball pythons
  5 endoplasms
  A giant cockroach (D:1)
  10 goblins
  4 hobgoblins
  2 jackals (D:2)
  4 kobolds
  5 quokkas
  3 bats (D:1)
  7 rats
72 creatures vanquished.

Vanquished Creatures (collateral kills)
  2 orc warriors (D:6)
  A scorpion (D:5)
  A howler monkey (D:6)
  2 hounds
  3 orc priests
  2 jellies
  3 iguanas
  5 orc wizards
  4 gnolls (D:5)
  6 orcs
  3 goblins
  A quokka (D:5)
  2 kobolds (D:3)
35 creatures vanquished.

Grand Total: 107 creatures vanquished

Notes
Turn   | Place    | Note
-------+----------+-------------------------------------------
     0 | D:1      | omnomnOMINOUS the Octopode Wanderer began the quest for the
                  | Orb.
     0 | D:1      | omnomnOMINOUS set off with the following items: a +0
                  | quarterstaff, 11 poisoned darts, a +0 dagger, a scroll of
                  | fear; and the following spell memorised: Summon Small
                  | Mammal; and the following spells available to memorise:
                  | Call Imp, Summon Guardian Golem.
     0 | D:1      | Reached XP level 1. HP: 11/11 MP: 2/2
   145 | D:1      | You fall into a shaft and drop 1 floor!
   167 | D:2      | Reached XP level 2. HP: 16/18 MP: 3/3
   468 | D:1      | Reached skill level 1 in Fighting
   637 | D:1      | Reached XP level 3. HP: 23/23 MP: 5/5
   958 | D:2      | Noticed Robin
  1135 | D:2      | Found a faded altar of an unknown god.
  1179 | D:2      | Prayed at the altar of an unknown god.
  1179 | D:2      | Became a worshipper of Hepliaklqana the Forgotten
  1179 | D:2      | Reached * piety under Hepliaklqana
  1204 | D:2      | Noticed Natasha
  1211 | D:2      | Killed Natasha
  1212 | D:2      | Reached XP level 4. HP: 18/25 MP: 6/6
  1813 | D:2      | Noticed Natasha
  1819 | D:2      | Killed Natasha
  1902 | D:2      | Killed Robin
  2093 | D:3      | Reached ** piety under Hepliaklqana
  2094 | D:3      | Remembered your ancestor hexy as a hexer
  2282 | D:3      | Reached skill level 3 in Summonings
  2282 | D:3      | Reached XP level 5. HP: 30/30 MP: 8/8
  2502 | D:3      | Found a stormy altar of Qazlal.
  2502 | D:3      | Found an iron altar of Okawaru.
  2892 | D:3      | Found a runed translucent door.
  2893 | D:3      | Noticed Crazy Yiuf
  2901 | D:3      | Killed Crazy Yiuf
  2902 | D:3      | Reached skill level 1 in Invocations
  3026 | D:4      | Reached skill level 1 in Polearms
  3026 | D:4      | Reached skill level 1 in Shields
  3026 | D:4      | Reached XP level 6. HP: 34/35 MP: 9/9
  3600 | D:4      | Found a staircase to the Ecumenical Temple.
  3699 | D:5      | Entered Level 5 of the Dungeon
  3919 | D:5      | Reached XP level 7. HP: 32/40 MP: 9/11
  4136 | D:5      | Reached skill level 4 in Summonings
  4243 | D:5      | Reached *** piety under Hepliaklqana
  4307 | D:5      | Found Sarasvati's Dragon-Slaying Spoils.
  4463 | D:6      | Reached XP level 8. HP: 46/46 MP: 12/12
  4641 | D:6      | Identified the +1 pair of gloves of the Crypt {Harm}
  4828 | D:6      | Learned a level 4 spell: Sticky Flame
  5063 | D:6      | Killed from afar by a steam dragon

Illustrated notes

Levels and vault maps discovered:
D:1:      dpeg_arrival_rooms_b, layout_loops_ring,
          hangedman_decor_clover_reticule
D:2:      layout_loops_corners, hellmonk_ecumenical_altar_blasted, uniq_natasha,
          uniq_robin
D:3:      layout_basic, amethyst_overflow_temple_binary, uniq_crazy_yiuf_cottage
D:4:      nicolae_cairo_tiling_large_dashed, layout_loops_ring,
          minmay_temple_entry_nine_rooms, hangedman_decor_push, st_stairs_13,
          minmay_misc_feat_chi
D:5:      layout_rooms, corexii_checkpoint_b, chequers_mini_garden,
          grunt_decor_one_mirror, nicolae_shop_dragon_depot, st_stairs_7
D:6:      layout_basic

Skill      XL: |  1  2  3  4  5  6  7  8 |
---------------+-------------------------+-----
Fighting       | 1 2 3 |  3.7
Dodging        | 2 3 |  3.9
Spellcasting   | 2 3 |  3.5
Summonings     | 3 4 |  4.3
Invocations    | 1 2 3 |  3.4
Polearms       | 1 2 3 |  3.0
Shields        | 1 2 |  2.9
Staves         | |  2.0
Throwing       | |  3.0
Conjurations   | |  0.2
Fire Magic     | |  0.3
Evocations     | |  1.1

Action                   |  1- 3 |  4- 6 |  7- 9 || total
-------------------------+-------+-------+-------++-------
Melee: Quarterstaff      |    50 |    21 |       ||    71
       Constrict         |    12 |    22 |    11 ||    45
       Tentacles         |     9 |    18 |    11 ||    38
       Trident           |       |    73 |    70 ||   143
       Punch             |       |     1 |       ||     1
Invok: Ancestor Identity |     1 |     1 |       ||     2
       Ancestor Life: He |       |     1 |       ||     1
       Recall Ancestor   |       |     2 |       ||     2
  Use: Scroll            |       |       |     1 ||     1
 Stab: Distracted        |     1 |       |     1 ||     2
       Sleeping          |     2 |     7 |     2 ||    11
       Confused          |       |     1 |     1 ||     2
Armor: Skin              |     3 |     3 |     1 ||     7
Dodge: Dodged            |    32 |    29 |    14 ||    75
Block: Other             |       |     4 |     1 ||     5
       Reflection        |       |       |     1 ||     1
       Buckler           |       |       |     6 ||     6

Table legend: (Time is in decaauts)
 A = Elapsed time spent in this place.
 B = Non-inter-level travel time spent in this place.
 C = Inter-level travel time spent in this place.
 D = Time resting spent in this place.
 E = Time spent auto-exploring this place.
 F = Levels seen in this place.
 G = Mean time per level.
                   A        B        C        D        E       F      G
               +--------+--------+--------+--------+--------+-----+--------+
         Total |   5106 |   4907 |    199 |    352 |   3744 |   6 |  851.0 |
       Dungeon |   5106 |   4907 |    199 |    352 |   3744 |   6 |  851.0 |
               +--------+--------+--------+--------+--------+-----+--------+

Top non-repeatable levels by time:
     D:2: 1138 daAuts
     D:1: 933 daAuts
     D:3: 925 daAuts
     D:4: 911 daAuts
     D:6: 617 daAuts
     D:5: 580 daAuts
